 Dungeon Crawl Stone Soup version 0.28-a0-773-g130ae17fe5 (webtiles) character file.

Game seed: 2685627593123740409

102 ders the Skirmisher (level 4, 0/30 HPs)
             Began as a Gargoyle Fighter on Nov 2, 2021.
             Slain by a mummy (8 damage)
             ... on level 4 of the Dungeon.
             The game lasted 00:02:24 (2160 turns).

ders the Skirmisher (Gargoyle Fighter)              Turns: 2160, Time: 00:02:25

Health: 0/30       AC: 10    Str: 20    XL:     4   Next: 78%
Magic:  4/4        EV:  9    Int:  9    God:
Gold:   52         SH:  4    Dex:  9    Spells: 3/3 levels left

rFire   . . .      SeeInvis .   a - +0 flail
rCold   . . .      Faith    .   c - +0 buckler
rNeg    + . .      Spirit   .   b - +0 scale mail
rPois   ∞          Reflect  .   (no helmet)
rElec   +          Harm     .   (no cloak)
rCorr   .          Rampage  .   (no gloves)
Will    .....                   (no boots)
Stlth   ..........              h - amulet of the acrobat
HPRegen 0.10/turn               (no ring)
MPRegen 0.09/turn               (no ring)

@: no status effects
A: sickness immunity, AC +3, negative energy resistance 1, electricity
resistance, torment resistance 1, petrification resistance
a: no special abilities


You were on level 4 of the Dungeon.
You visited 1 branch of the dungeon, and saw 4 of its levels.

You collected 52 gold pieces.

Inventory:

Hand Weapons
 a - a +0 flail (weapon)
Armour
 b - a +0 scale mail (worn)
 c - a +0 buckler (worn)
Jewellery
 h - an amulet of the acrobat (around neck)
 l - a ring of protection from fire
Scrolls
 e - a scroll of fog {unknown}
 g - 2 scrolls of teleportation {unknown}
 m - a scroll of magic mapping {unknown}
Potions
 d - a potion of might
 f - 2 potions of curing {unknown}
 i - a potion of haste {unknown}
 j - a potion of attraction {unknown}
 k - 2 potions of flight {unknown}


   Skills:
 * Level 4.4 Fighting
 * Level 3.3 Maces & Flails
 - Level 3.6 Armour
 - Level 3.6 Shields


You had 3 spell levels left.
You didn't know any spells.
Your spell library contained the following spells:

 Spells                   Type           Power      Damage    Failure   Level
 Sandblast                Erth           0%         2d4       75%         1
 Passwall                 Tmut/Erth      0%         N/A       87%         2
 Frozen Ramparts          Ice            0%         1d2       98%         3
 Gell's Gravitas          Tloc           0%         N/A       98%         3
 Lesser Beckoning         Tloc           0%         N/A       98%         3
 Stone Arrow              Conj/Erth      0%         3d7       98%         3
 Teleport Other           Tloc           0%         N/A       98%         3
 Ice Form                 Ice/Tmut       0%         N/A       100%        4
 Summon Ice Beast         Ice/Summ       0%         N/A       100%        4


Dungeon Overview and Level Annotations

Branches:
Dungeon (4/15)
 Temple: D:4-7

Altars:
Kikubaaqudgha
Uskayaw
Yredelemnul

Portals:
Ossuary: D:4


Innate Abilities, Weirdness & Mutations

You are immune to sickness and miasma.
Your stone body is resilient. (AC +3)
You are immune to poison.
You resist negative energy. (rN+)
You are resistant to electric shocks. (rElec)
You are resistant to unholy torment.
You are immune to petrification.


Message History

The giant cockroach closely misses you. You block the giant cockroach's attack.
You hit the giant cockroach.
The giant cockroach is severely wounded.
The giant cockroach barely misses you.
You closely miss the giant cockroach.
The giant cockroach is severely wounded.
The giant cockroach bites you but does no damage. x2
You hit the giant cockroach.
You kill the giant cockroach!
Found 12 poisoned darts.
Found a stone staircase leading down.
Found a scale mail.
Found a scroll labelled PYLIOR TACLEL.
Found a basalt altar of Yredelemnul.
You open the door.
A mummy comes into view.
Found a sand-covered staircase.
There is an open door here.
You hit the mummy.
The mummy is moderately damaged.
The mummy hits you!
You sock the mummy!
The mummy is heavily damaged.
The mummy hits you!
* * * LOW HITPOINT WARNING * * *
You are too injured to fight recklessly!
You are too injured to fight recklessly!
You are too injured to fight recklessly!
You are too injured to fight recklessly!
You are too injured to fight recklessly!
You are too injured to fight recklessly!
You hit the mummy.
The mummy is severely damaged.
The mummy hits you but does no damage.
You hit the mummy but do no damage.
The mummy is severely damaged.
You hit the mummy but do no damage.
The mummy is severely damaged.
The mummy hits you!
You die...

$..†..........#........#
..)...........#.###....##8.
.....<.................##...
.................#.....#>...
#(..............##.....##.?.
...............###.....##8..
..............##.#.....# #_
.............##..#.....#
............##∩M@'.....#
..$..........##..#....##
.....(.##.#...##.#........
.......##.#....###........
.....## #....#..##........
.... ......#..#.....##.
......# .......


You could see a mummy.

Vanquished Creatures
  Jessica (D:2)
  An adder (D:2)
  2 worms
  A dart slug (D:1)
  An orc (D:2)
  7 ball pythons
  7 endoplasms
  3 giant cockroaches
  6 goblins
  A hobgoblin (D:1)
  3 jackals (D:1)
  4 quokkas
  4 bats
  5 frilled lizards
  7 kobolds
  2 rats
55 creatures vanquished.

Notes
Turn   | Place    | Note
-------+----------+-------------------------------------------
     0 | D:1      | ders the Gargoyle Fighter began the quest for the Orb.
     0 | D:1      | Reached XP level 1. HP: 14/14 MP: 1/1
   113 | D:1      | Reached XP level 2. HP: 19/19 MP: 2/2
   199 | D:1      | Found a faded altar of an unknown god.
   332 | D:1      | Reached XP level 3. HP: 22/23 MP: 3/3
   818 | D:2      | Noticed Jessica
   822 | D:2      | Killed Jessica
   823 | D:2      | Reached skill level 4 in Fighting
   823 | D:2      | Reached XP level 4. HP: 29/29 MP: 4/4
  1347 | D:2      | Found an ancient bone altar of Kikubaaqudgha.
  1985 | D:3      | Found a hide-covered altar of Uskayaw.
  2112 | D:3      | Noticed a sky beast
  2145 | D:4      | Found a basalt altar of Yredelemnul.
  2153 | D:4      | Found a sand-covered staircase.
  2160 | D:4      | Slain by a mummy

Illustrated notes

Levels and vault maps discovered:
D:1:      dpeg_arrival_fog, layout_rooms, ebering_ecumenical_altar_sacrificial
D:2:      wad_pebble_path, layout_basic, basic_altar, uniq_jessica
D:3:      layout_basic, mainiacjoe_overflow_small_starburst,
          uniq_crazy_yiuf_cottage, uniq_sigmund, uniq_terence
D:4:      layout_cave_pools, grunt_ashenzari_visionary
          [grunt_ashenzari_visionary_shoals, grunt_ashenzari_visionary_snake],
          nicolae_overflow_hidden_temple, gup_ossuary_entry_pyramid,
          minmay_statues_item

Skill      XL: |  1  2  3 |
---------------+----------+-----
Fighting       | 4 |  4.4
Maces & Flails | 3 |  3.3
Armour         | |  3.6
Shields        | |  3.6

Action                   |  1- 3 |  4- 6 || total
-------------------------+-------+-------++-------
Melee: Flail             |    92 |    96 ||   188
Armor: Scale mail        |    68 |    50 ||   118
Dodge: Dodged            |    49 |    50 ||    99
Block: Buckler           |    21 |    24 ||    45

Table legend: (Time is in decaauts)
 A = Elapsed time spent in this place.
 B = Non-inter-level travel time spent in this place.
 C = Inter-level travel time spent in this place.
 D = Time resting spent in this place.
 E = Time spent auto-exploring this place.
 F = Levels seen in this place.
 G = Mean time per level.
                   A        B        C        D        E       F      G
               +--------+--------+--------+--------+--------+-----+--------+
         Total |   2210 |   2130 |     80 |    141 |   1581 |   4 |  552.5 |
       Dungeon |   2210 |   2130 |     80 |    141 |   1581 |   4 |  552.5 |
               +--------+--------+--------+--------+--------+-----+--------+

Top non-repeatable levels by time:
     D:2: 1156 daAuts
     D:1: 743 daAuts
     D:3: 263 daAuts
     D:4: 47 daAuts
